 Dungeon Crawl Stone Soup version 0.30-a0-630-g881e3bac89 (webtiles) character file.

Game seed: 2279129709696630617

208 Bnni the Sneak (level 5, -2/28 HPs)
             Began as a Vine Stalker Brigand on Jan 13, 2023.
             Slain by a bullfrog (4 damage)
             ... in a sewer.
             The game lasted 00:05:02 (2236 turns).

Bnni the Sneak (Vine Stalker Brigand)               Turns: 2236, Time: 00:05:03

Health: -2/28      AC:  7    Str: 14    XL:     5   Next: 86%
Magic:  0/6        EV:  5    Int: 11    God:
Gold:   63         SH:  5    Dex: 17    Spells: 4/4 levels left

rFire   . . .      SeeInvis .    a - +3 dagger (venom)
rCold   . . .      Faith    .    g - +0 buckler
rNeg    . . .      Spirit   +    i - +0 scale mail
rPois   .          Reflect  .    (no helmet)
rElec   .          Harm     .    c - +0 cloak
rCorr   .          Rampage  .    (no gloves)
Will    .....                    (no boots)
Stlth   ++                       (no amulet)
HPRegen 1.04/turn                (no ring)
MPRegen 0.10/turn                (no ring)

@: lethally poisoned (-2 -> -3), constricted
A: fangs 2, regeneration 1, magic shield, antimagic bite, no potion heal 2
a: no special abilities


You were in a sewer.
You visited 1 branch of the dungeon, and saw 3 of its levels.
You also visited: Sewer.

You collected 63 gold pieces.

Inventory:

Hand Weapons
 a - a +3 dagger of venom (weapon)
Missiles
 d - 13 poisoned darts (quivered)
 e - 6 curare-tipped darts
Armour
 c - a +0 cloak (worn)
 g - a +0 buckler (worn)
 i - a +0 scale mail (worn)
Scrolls
 b - 4 scrolls of fog {unknown}
 f - 2 scrolls of fear {unknown}
 h - a scroll of blinking {unknown}
 j - 2 scrolls of teleportation {unknown}
 n - a scroll of enchant weapon {unknown}
 p - 2 scrolls of magic mapping {unknown}
 q - a scroll of vulnerability {unknown}
 r - a scroll of amnesia {unknown}
 s - a scroll of acquirement
 v - a scroll of enchant armour {unknown}
Potions
 k - a potion of attraction {unknown}
 l - a potion of degeneration {unknown}
 m - 2 potions of heal wounds {unknown}
 o - a potion of flight {unknown}
 t - a potion of berserk rage {unknown}
 u - 2 potions of ambrosia {unknown}


   Skills:
 + Level 3.0 Fighting
 * Level 4.0 Short Blades
 - Level 1.7 Throwing
 - Level 0.7 Dodging
 - Level 4.8 Stealth
 + Level 2.1 Shields


You had 4 spell levels left.
You didn't know any spells.
Your spell library contained the following spells:

 Spells                   Type           Power      Damage    Failure   Level
 Summon Small Mammal      Summ           0%         N/A       91%         1
 Call Canine Familiar     Summ           0%         N/A       100%        3
 Summon Guardian Golem    Hex/Summ       0%         N/A       100%        3


Dungeon Overview and Level Annotations

Branches:
Dungeon (3/15)              Sewer (1/1)

Altars:
Gozag


Innate Abilities, Weirdness & Mutations

You have extremely sharp teeth.
Your natural rate of healing is unusually fast.
When hurt, damage is shared between your health and your magic reserves.
Your bite disrupts and absorbs the magic of your enemies.
Potions cannot restore your health.


Message History

The ball python completely misses you. You block the ball python's attack.
You feel sick. You block the bullfrog's attack. The bullfrog barely misses you.
The adder bites you.
* * * LOW HITPOINT WARNING * * *
You feel sick. The bullfrog barely misses you. The adder completely misses you.
The bullfrog hits you but does no damage.
The adder bites you but does no damage. The adder closely misses you.
The bullfrog barely misses you.
Okay, then.
Okay, then.
The bullfrog attacks as you move away! The bullfrog barely misses you.
You feel sick. The adder bites you but does no damage.
The adder barely misses you. The ball python bites you.
The ball python barely misses you.
You hit the bullfrog.
The bullfrog is poisoned.
The bullfrog is moderately wounded.
You feel sick. The bullfrog hits you.
* * * LOW HITPOINT WARNING * * *
The adder bites you but does no damage. You block the bullfrog's attack.
You hit the adder but do no damage.
You feel sick.
You are no longer poisoned.
You block the bullfrog's attack.
The ball python bites you but does no damage.
The ball python barely misses you. The adder bites you.
* * * LOW HITPOINT WARNING * * *
You are poisoned.
The adder poisons you!
The ball python bites you but does no damage.
The ball python grabs you. The ball python constricts you.
The bullfrog hits you.
* * * LOW HITPOINT WARNING * * *
The adder bites you but does no damage. The bullfrog barely misses you.
Okay, then.
This is a scroll of acquirement!
Something appears at your feet!
* * * LOW HITPOINT WARNING * * *
You feel sick. The adder closely misses you.
The ball python bites you but does no damage.
The bullfrog hits you.
You die...

~~~~##
##~~~~.#
≈≈~~≈#
#~≈≈~~≈#
≈≈~~≈#
#~≈~≈≈≈#
≈≈≈~~#
#≈≈~≈~≈#
≈~~~~#
#≈~~†~≈#
~~≈≈≈#
#≈~~J≈≈#
~~~≈≈#
#≈≈≈#S~#
~≈≈≈≈#
#≈≈≈SFS#
~~~~##
#≈≈≈S@F#
~)[~≈#
#≈≈~S~~#
~~~~≈#
#≈≈~~#~#
≈~≈~~#
#≈~~~~≈#
≈≈≈≈~#
#≈≈~~~≈#
≈~~~≈#
#≈≈~≈≈≈#
~~≈≈≈#
#≈~~≈≈~#
~†≈≈~#
#####~≈~≈≈~#
~~~~.#
#..###~~~~##


You could see 2 bullfrogs, 2 adders, an endoplasm and 3 ball pythons.

Vanquished Creatures
  6 adders
  4 gnolls (D:2)
  2 river rats (Sewer)
  A worm (D:2)
  3 dart slugs
  12 ball pythons
  4 bats
  6 endoplasms
  7 hobgoblins
  2 jackals (D:2)
  4 quokkas
  10 frilled lizards
  7 goblins
  6 kobolds
  25 rats
99 creatures vanquished.

Notes
Turn   | Place    | Note
-------+----------+-------------------------------------------
     0 | D:1      | Bnni the Vine Stalker Brigand began the quest for the Orb.
     0 | D:1      | Reached XP level 1. HP: 11/11 MP: 2/2
   188 | D:1      | Reached XP level 2. HP: 15/15 MP: 3/3
   320 | D:1      | Reached XP level 3. HP: 18/18 MP: 4/4
   862 | D:2      | Reached skill level 1 in Shields
   901 | D:2      | Gained mutation: Your natural rate of healing is unusually
                  | fast. [Vine Stalker growth]
   901 | D:2      | Reached XP level 4. HP: 22/23 MP: 3/5
  1165 | D:2      | Found a faded altar of an unknown god.
  1251 | D:1      | Reached XP level 5. HP: 27/27 MP: 3/6
  1262 | D:2      | HP: 1/28 [gnoll/+0 spear (4)]
  1814 | D:3      | Found an opulent altar of Gozag.
  1981 | D:3      | Found a glowing drain.
  1995 | Sewer    | Entered a sewer
  2236 | Sewer    | Identified 2 scrolls of acquirement
  2236 | Sewer    | Acquired a ring of poison resistance
  2236 | Sewer    | Slain by a bullfrog

Illustrated notes

Levels and vault maps discovered:
D:1:      matt_arrival_refuge, layout_basic, st_stairs_10
D:2:      layout_rooms, ebering_ecumenical_altar_webs,
          chequers_serial_rivers_micro_a, corexii_hall_statues_deadend,
          minmay_nonomino_d4
D:3:      layout_basic, grunt_gozag_statues, serial_corexii_hall,
          corexii_hall_statues_i, corexii_hall_statues_i,
          corexii_hall_statues_i, corexii_hall_statues_l, portal_sewer_entry_a,
          kennysheep_generic_room_2
Sewer:    sewer_minmay_w

Skill      XL: |  1  2  3  4  5 |
---------------+----------------+-----
Short Blades   | 2 3 4 |  4.0
Fighting       | 2 3 |  3.0
Shields        | 1 2 |  2.1
Throwing       | |  1.7
Dodging        | |  0.7
Stealth        | |  4.8

Action                   |  1- 3 |  4- 6 || total
-------------------------+-------+-------++-------
Melee: Dagger            |    89 |   165 ||   254
       Bite              |    23 |    31 ||    54
Throw: Dart              |       |     1 ||     1
  Use: Scroll            |       |     1 ||     1
 Stab: Sleeping          |     4 |     2 ||     6
Armor: Leather armour    |    10 |       ||    10
       Scale mail        |    23 |    94 ||   117
Dodge: Dodged            |    47 |    72 ||   119
Block: Buckler           |    14 |    39 ||    53

Table legend: (Time is in decaauts)
 A = Elapsed time spent in this place.
 B = Non-inter-level travel time spent in this place.
 C = Inter-level travel time spent in this place.
 D = Time resting spent in this place.
 E = Time spent auto-exploring this place.
 F = Levels seen in this place.
 G = Mean time per level.
                   A        B        C        D        E       F      G
               +--------+--------+--------+--------+--------+-----+--------+
         Total |   2246 |   2053 |    193 |     57 |   1218 |   4 |  561.5 |
       Dungeon |   1979 |   1786 |    193 |     57 |   1089 |   3 |  659.7 |
         Sewer |    267 |    267 |      0 |      0 |    129 |   1 |  267.0 |
               +--------+--------+--------+--------+--------+-----+--------+

Top non-repeatable levels by time:
     D:1: 854 daAuts
     D:2: 624 daAuts
     D:3: 499 daAuts
   Sewer: 267 daAuts
